 Dungeon Crawl Stone Soup version 0.18-a0-1745-gffa9a88 (webtiles) character file.

68 4thArraOfDagon the Skirmisher (level 4, -1/45 HPs)
             Began as a Naga Monk on Apr 11, 2016.
             Slain by a quokka (5 damage)
             ... on level 3 of the Dungeon.
             The game lasted 00:02:01 (216 turns).

4thArraOfDagon the Skirmisher (Naga Monk)            Turns: 216, Time: 00:02:02

Health: -1/45      AC:  2    Str: 12 (13) XL:     4   Next: 19%
Magic:  4/4        EV: 10    Int:  6 (8)  God:
Gold:   39         SH:  0    Dex: 11 (13) Spells: 0 memorised, 3 levels left

rFire  . . .     SeeInvis +       - Unarmed
rCold  . . .     Gourm    .     a - +0 robe
rNeg   . . .     Faith    .     (no shield)
rPois  +         Spirit   .     (no helmet)
rElec  .         Dismiss  .     (no cloak)
rCorr  .         Reflect  .     (no gloves)
SustAt .         Harm     .     (no barding)
MR     .....                    (no amulet)
Stlth  ++........               (no ring)
                                g - -4 ring of intelligence (curse)

@: short of breath, very slow, not resistant to hostile enchantments, unstealthy
A: see invisible, deformed body, poison resistance, slowness 2, slow metabolism
1, spit poison 2, AC +1
a: Spit Poison


You were on level 3 of the Dungeon.
You were not hungry.

You visited 1 branch of the dungeon, and saw 4 of its levels.

You collected 39 gold pieces.

Inventory:

Armour
 a - a +0 robe (worn)
Jewellery
 g - a cursed -4 ring of intelligence (left hand)
Scrolls
 f - a scroll of identify {unknown}
Potions
 d - a potion of flight
 e - a potion of degeneration
Comestibles
 b - a bread ration
 c - 2 fruits


   Skills:
 + Level 4.9 Fighting
 - Level 2.4 Dodging
 - Level 3.0 Stealth
 - Level 4.0 Unarmed Combat


You had 3 spell levels left.
You didn't know any spells.

Dungeon Overview and Level Annotations

Branches:
Dungeon (4/15)
 Temple: D:4-7

Altars:

Annotations:
D:4 4thArraOfDagon's ghost, weakling HOBe; Blork the orc


Innate Abilities, Weirdness & Mutations

You cannot wear boots.
Your serpentine skin is tough (AC +1).
You have supernaturally acute eyesight.
Armour fits poorly on your strangely shaped body.
Your system is resistant to poisons.
You cover ground very slowly.
You have a slow metabolism.
You can spit poison.


Message History

You float gracefully downwards.
You have got your breath back.
Unknown command.
Press: ? - help, Shift-Dir - straight line, f/p - quokka
Aim: a quokka
Okay, then.
Press: ? - help, Shift-Dir - straight line, f/p - quokka
Aim: a quokka The splash of poison hits the quokka.
The quokka is heavily wounded.
You feel slightly more hungry. The quokka bites you.
* * * LOW HITPOINT WARNING * * *
The quokka bites you.
* * * LOW HITPOINT WARNING * * *
Unknown command.
Unknown command.
Drink which item? (? for menu, Esc to quit)
It was a potion of magic.
Magic courses through your body. The quokka bites you.
You die...

#### ############ $..#
#..........# ...#
#..........# ...#
#........†.### r..####
#..........r.##.....?.
#.........@#..#...##..
#..........##........#
#(.........###....o...
#....†.....###.##..##.
#######...#....# ....
###.#.#### #.. #...# .
. #######..## ..
#........###.#


You could see a quokka.

Vanquished Creatures
  An iguana (D:4)
  3 adders
  2 worms (D:3)
  An orc (D:3)
  A goblin (D:3)
  A quokka (D:3)
  A ball python (D:1)
  A giant newt (D:3)
  A kobold (D:2)
  2 rats
14 creatures vanquished.

Notes
Turn   | Place    | Note
--------------------------------------------------------------
     0 | D:1      | 4thArraOfDagon the Naga Monk began the quest for the Orb.
     0 | D:1      | Reached XP level 1. HP: 21/21 MP: 1/1
    37 | D:2      | Reached XP level 2. HP: 17/28 MP: 2/2
   134 | D:4      | Reached XP level 3. HP: 13/37 MP: 3/3
   137 | D:4      | Reached XP level 4. HP: 16/45 MP: 4/4
   141 | D:4      | Noticed 4thArraOfDagon's ghost (weakling HOBe)
   159 | D:4      | Noticed Blork the orc
   216 | D:3      | Slain by a quokka

Vault maps used:
D:1:      dpeg_arrival_orchard
D:3:      grunt_temple_overflow_opulence, ecumenical_altar_1,
          grunt_pakellas_basics, uniq_iyjb
D:4:      bloody_trog, goddamned_bats, uniq_eustachio, uniq_blork_the_orc

Skill      XL: |  1  2 |
---------------+-------+-----
Fighting       | 4 |  4.9
Dodging        | |  2.4
Stealth        | |  3.0
Unarmed Combat | |  4.0

Action                   |  1- 3 |  4- 6 || total
-------------------------+-------+-------++-------
Melee: Unarmed           |    25 |     8 ||    33
 Abil: Spit Poison       |     8 |     8 ||    16
  Use: Potion            |     1 |     3 ||     4
